 Dungeon Crawl Stone Soup version 0.27-a0-1565-gad902ab807 (webtiles) character file.

Game seed: 13059366293635650322

47 garrulousMonolith the Magician (level 3, -2/28 HPs)
             Began as a Djinni Summoner on July 17, 2021.
             Slain by a black bear (5 damage)
             ... on level 2 of the Dungeon.
             The game lasted 00:04:38 (2296 turns).

garrulousMonolith the Magician (Djinni Summoner)    Turns: 2296, Time: 00:04:38

Health: -2/28      AC:  3    Str:  7    XL:     3   Next: 97%
Gold:   29         EV: 11    Int: 17    God:
                   SH:  0    Dex: 13

rFire    + + .     SeeInvis .   b - +0 spear
rCold    x . .     Faith    .   (no shield)
rNeg     . . .     Spirit   .   d - +0 leather armour
rPois    ∞         Reflect  .   (no helmet)
rElec    .         Harm     .   (no cloak)
rCorr    .         Rampage  .   (no gloves)
Will     .....                  (boots unavailable)
Stlth    ++........             (no amulet)
HPRegen  0.09/turn              (no ring)
MPRegen  0.00/turn              (no ring)

@: flying
A: sickness immunity, fire resistance 2, cold vulnerability 1, float, innate
caster, hp casting, extra vitality 1
a: no special abilities


You were on level 2 of the Dungeon.
You visited 1 branch of the dungeon, and saw 2 of its levels.

You collected 29 gold pieces.

Inventory:

Hand Weapons
 b - a +0 spear (weapon)
 f - a +0 whip of draining
Armour
 a - a +0 robe
 d - a +0 leather armour (worn)
Scrolls
 c - a scroll of teleportation {unknown}
 i - a scroll of identify {unknown}
Potions
 e - a potion of mutation {unknown}
 g - a potion of flight {unknown}
 h - a potion of berserk rage {unknown}


   Skills:
 * Level 1.7 Fighting
 + Level 2.6 Dodging
 - Level 2.0 Stealth
 * Level 3.5 Spellcasting


You couldn't memorise any spells.
You knew the following spells:

 Your Spells              Type           Power      Damage    Failure   Level
a - Summon Small Mammal   Summ           60%        N/A       6%          1
b - Call Imp              Summ           15%        N/A       9%          2
c - Call Canine Familiar  Summ           15%        N/A       17%         3
d - Summon Guardian Gole  Hex/Summ       15%        N/A       17%         3
e - Summon Lightning Spi  Summ/Air       15%        N/A       50%         4
f - Animate Skeleton      Necr           30%        N/A       6%          1
Your spell library was empty.

Dungeon Overview and Level Annotations

Branches:
Dungeon (2/15)

Altars:


Innate Abilities, Weirdness & Mutations

You are immune to sickness and miasma.
You are immune to poison.
Your flesh is very heat resistant. (rF++)
You are vulnerable to cold. (rC-)
You float through the air rather than walking.
You learn spells naturally, not from books.
Your magical power is your life essence.
You have superior vitality. (+4 HP)


Message History

Your crimson imp hits the black bear.
Your shadow imp hits the black bear.
The black bear bites your shadow imp. The black bear claws your shadow imp.
The black bear barely misses your shadow imp.
Reach: b) +0 spear
Press: ? - help, Dir - move target, f/p - black bear
Aim: a black bear (severely wounded, ally target, about 33% to evade your +0 spear)
You reach to attack!
You barely miss the black bear.
The black bear is severely wounded.
Your crimson imp blinks!
Your shadow imp hits the black bear.
The black bear goes berserk!
Reach: b) +0 spear
Press: ? - help, Dir - move target, f/p - black bear
Aim: a black bear (severely wounded, berserk, ally target, about 33% to evade your +0 spear)
You reach to attack!
You barely miss the black bear.
The black bear is severely wounded.
The black bear barely misses your shadow imp.
The black bear closely misses your shadow imp.
The black bear barely misses your shadow imp.
Reach: b) +0 spear
Press: ? - help, Dir - move target, f/p - black bear
Aim: a black bear (severely wounded, berserk, ally target, about 33% to evade your +0 spear)
You reach to attack!
You hit the black bear.
The black bear is severely wounded.
The black bear closely misses your crimson imp.
The black bear claws your crimson imp. x2
The black bear bites your crimson imp!
Your crimson imp dies!
Found 15 gold pieces.
Your shadow imp hits the black bear.
Found a ring mail.
Your shadow imp hits the black bear.
Casting: Call Imp (safe; 9% risk of failure)
Confirm with . or Enter, or press ? or * to list all spells.
Okay, then.
Casting: Call Imp (safe; 9% risk of failure)
Confirm with . or Enter, or press ? or * to list all spells.
A beastly little devil appears in a puff of flame.
The black bear bites you!
* * * LOW HITPOINT WARNING * * *
The black bear barely misses you. x2
The black bear completely misses you. The black bear claws you.
You die...

..........# .# ..
...>.###### ##.####...
.......#### #.........
.#...#....## #.......#
.#.#.####..####......###
.#.#.# ##...<#.........
..#.# ####.r.........
...... ###..5.........
...... ......5h@.....$[
....... ##....#.#####...
....... #...###..
###...#...# #### ...#
^.#


You could see a black bear (berserk, ally target), a quokka, a friendly crimson
imp (summoned) and a friendly shadow imp (summoned).

Vanquished Creatures
  A dart slug (D:2)
  4 ball pythons (D:1)
  2 bats
  A giant cockroach (D:1)
  2 goblins (D:1)
  A jackal (D:1)
  A kobold (D:1)
  4 rats (D:1)
16 creatures vanquished.

Vanquished Creatures (collateral kills)
  2 gnolls (D:1)
  5 endoplasms
  A goblin (D:1)
  3 hobgoblins (D:1)
  A jackal (D:1)
  2 kobolds (D:1)
  3 quokkas
  2 bats (D:1)
  A rat (D:1)
20 creatures vanquished.

Grand Total: 36 creatures vanquished

Notes
Turn   | Place    | Note
-------+----------+-------------------------------------------
     0 | D:1      | garrulousMonolith the Djinni Summoner began the quest for
                  | the Orb.
     0 | D:1      | Reached XP level 1. HP: 15/15 MP: 0/0
    61 | D:1      | Reached skill level 1 in Fighting
    61 | D:1      | Reached XP level 2. HP: 9/22 MP: 0/0
   579 | D:1      | Found a faded altar of an unknown god.
   839 | D:1      | Reached XP level 3. HP: 20/27 MP: 0/0
   839 | D:1      | Learned a level 1 spell: Animate Skeleton
  2022 | D:2      | Noticed a black bear
  2296 | D:2      | Slain by a black bear

Illustrated notes

Levels and vault maps discovered:
D:1:      lightli_arrival_boilingwater, layout_loops_ring,
          shapermc_ecumenical_altar_totnotflames, minmay_ruptured
D:2:      layout_rooms

Skill      XL: |  1  2  3 |
---------------+----------+-----
Fighting       | 1 |  1.7
Stealth        | 2 |  2.0
Dodging        | |  2.6
Spellcasting   | |  3.5

Action                   || total
-------------------------++-------
Melee: Spear             ||    80
       Unarmed           ||     2
 Cast: Summon Small Mamm ||     6
       Call Imp          ||    30
       Animate Skeleton  ||     6
 Stab: Sleeping          ||     2
Armor: Robe              ||     4
       Leather armour    ||    20
Dodge: Dodged            ||    63

Table legend: (Time is in decaauts)
 A = Elapsed time spent in this place.
 B = Non-inter-level travel time spent in this place.
 C = Inter-level travel time spent in this place.
 D = Time resting spent in this place.
 E = Time spent auto-exploring this place.
 F = Levels seen in this place.
 G = Mean time per level.
                   A        B        C        D        E       F      G
               +--------+--------+--------+--------+--------+-----+--------+
         Total |   2304 |   2230 |     74 |    990 |    870 |   2 | 1152.0 |
       Dungeon |   2304 |   2230 |     74 |    990 |    870 |   2 | 1152.0 |
               +--------+--------+--------+--------+--------+-----+--------+

Top non-repeatable levels by time:
     D:1: 2107 daAuts
     D:2: 197 daAuts
